[Event "*** Titled Tuesday Blitz"]
[Site "Chess.com"]
[Date "2021.03.30"]
[Round "8"]
[White "Romadk"]
[Black "CrushingKings"]
[Result "0-1"]
[WhiteElo "2308"]
[BlackElo "2461"]
[TimeControl "180+1"]
[EndTime "11:28:25 PDT"]
[Termination "CrushingKings won by checkmate"]

1. d4 Nf6 2. Nf3 g6 3. c4 Bg7 4.
Nc3 d6 5. Bg5 Nbd7 6. e3 O-O 7.
Be2 c5 8. d5 Rb8 9. a4 b6 10. O-O a6 11. Nd2 Ne8 12. Nde4 h6 13.
Bh4 f5 14. Nd2 Ne5 15. f4 Nf7 16. e4 g5 17. Bg3 e5 18. dxe6 Bxe6 19. Qc2 Qf6 20.
Rab1 Qg6 21. Bd3 Bd4+ 22. Kh1 Ng7 23. Nd5 Bxd5 24. cxd5 Nh5 25. Be2 Nxg3+ 26. hxg3 g4 27. Nf3 gxf3 28. gxf3 Kh8 29. g4 Rg8 30. exf5 Qf6 31.
Kg2 Be3 32. Kg3 Bxf4+ 33. Kg2 Qh4 34. Rh1 Qg3+ 35. Kf1 Rbe8 36. b4 Re3 37. bxc5 Rxf3+ 38. Bxf3 Qxf3+ 39. Kg1 Rxg4+ 40. Qg2 Qxg2# 0-1

[Event "*** Titled Tuesday Blitz"]
[Site "Chess.com"]
[Date "2021.03.30"]
[Round "8"]
[White "EvgenyT"]
[Black "jcibarra"]
[Result "1-0"]
[WhiteElo "2931"]
[BlackElo "2850"]
[TimeControl "180+1"]
[EndTime "11:28:28 PDT"]
[Termination "EvgenyT won on time"]

1. c4 e5 2. g3 Nc6 3. Bg2 Bc5 4.
Nc3 d6 5. e3 a6 6. Nge2 Ba7 7. b3 h5 8. h3 h4 9. g4 f5 10. gxf5 Bxf5 11. Be4 Qd7 12. Qc2 Bxh3 13. Bb2 Nf6 14. Bg6+ Kf8 15. O-O-O Rh6 16. Rdg1 Nb4 17. Qb1 Rxg6 18. Qxg6 Bf5 19. Qg2 Nd3+ 20. Kd1 Nxb2+ 21. Ke1 Nd3+ 22. Kf1 h3 23. Qxb7 Qc8 24. Qf3 Rb8 25. Rg5 Be6 26. Qg3 Qd7 27. Qh4 Qf7 28. Rhg1 Ne8 29. Ne4 Bf5 30. N2g3 h2 31. Qxh2 Be6 32.
Ke2 Nc5 33. Nxc5 Bxc5 34. Nh5 Bxc4+ 35. bxc4 Qxc4+ 36. Kf3 Qd5+ 37. Kg3 Rb2 38. Qh3 1-0

[Event "*** Titled Tuesday Blitz"]
[Site "Chess.com"]
[Date "2021.03.30"]
[Round "8"]
[White "ARMQUEEN"]
[Black "GM_Crest"]
[Result "0-1"]
[WhiteElo "2327"]
[BlackElo "2711"]
[TimeControl "180+1"]
[EndTime "11:28:28 PDT"]
[Termination "GM_Crest won by resignation"]

1. e4 e6 2. d4 d5 3. Bd3 dxe4 4. Bxe4 Nf6 5. Bf3 c5 6. Ne2 Nc6 7. Be3 cxd4 8. Nxd4 Ne5 9. Nc3 a6 10. Qe2 Nxf3+ 11. Qxf3 e5 12. Nb3 Bb4 13. O-O Bxc3 14. bxc3 O-O 15. Rad1 Qc7 16. Bc5 Bg4 17. Qe3 Bxd1 18.
Bxf8 Bxc2 19. Bxg7 Kxg7 20. Qg5+ Bg6 21. Nd2 h6 22.
Qg3 Re8 23. h4 Qc5 24. Re1 Kh7 25. Qf3 Qc6 26. Qg3 Nh5 27. Qe3 Nf4 28. Nf3 f6 29. g3 Bh5 30. gxf4 Bxf3 31. Kh2 e4 32. Rg1 Rg8 33. Rxg8 Kxg8 34. Qd4 Kf7 35. Qd8 h5 36. Qh8 Ke6 37. Qg8+ Kd6 38. Qf8+ Kd5 39. Qf7+ Kc5 40. Qe7+ Kc4 41. Qb4+ Kd3 42. Qb1+ Kxc3 43. Qc1+ Kd3 44. Qb1+ Qc2 45. Qf1+ Kd2 46. Qg1 Qc7 47. Qg3 Ke2 48.
Kg1 Qc1+ 0-1

[Event "*** Titled Tuesday Blitz"]
[Site "Chess.com"]
[Date "2021.03.30"]
[Round "8"]
[White "Make_it_shine060"]
[Black "larisakalinina"]
[Result "1-0"]
[WhiteElo "2200"]
[BlackElo "1968"]
[TimeControl "180+1"]
[EndTime "11:28:28 PDT"]
[Termination "Make_it_shine060 won on time"]

1. d4 Nf6 2. c4 e6 3. Nc3 d5 4.
Nf3 Be7 5. Bg5 Nbd7 6. cxd5 Nxd5 7. Bxe7 Qxe7 8. e4 Nxc3 9. bxc3 c5 10. a3 cxd4 11.
cxd4 O-O 12. Bd3 e5 13. O-O exd4 14. Nxd4 Ne5 15. Bc2 Rd8 16. Qd2 Qc5 17. Rad1 Bg4 18. f3 Nc6 19. fxg4 Rxd4 20. Qf2 Rf8 21. Bb3 Qb6 22.
Bxf7+ Kh8 23. Rxd4 Nxd4 24. Kh1 1-0

[Event "*** Titled Tuesday Blitz"]
[Site "Chess.com"]
[Date "2021.03.30"]
[Round "8"]
[White "Redbandit87"]
[Black "PotapovaM"]
[Result "1-0"]
[WhiteElo "2387"]
[BlackElo "2481"]
[TimeControl "180+1"]
[EndTime "11:28:29 PDT"]
[Termination "Redbandit87 won by checkmate"]

1. d4 Nf6 2. Bf4 g6 3. Nc3 Bg7 4. Qd2 O-O 5. O-O-O a6 6. Bh6 b5 7. a3 a5 8. Bxg7 Kxg7 9. Nxb5 d5 10. e3 Bf5 11. f3 h5 12. h3 h4 13. Ne2 c6 14.
Nbc3 Nbd7 15. g4 hxg3 16. Nxg3 Be6 17. h4 Rh8 18. h5 Nf8 19. Bd3 Rb8 20. Rdg1 Qb6 21.
Na4 Qc7 22. e4 dxe4 23. fxe4 Ng4 24. Nc5 Bc8 25. e5 f6 26. hxg6 Nxg6 27. Rxh8 Nxh8 28. Nf5+ Kf8 29. Rxg4 Nf7 30. e6 Ng5 31. Rxg5 Qb6 32. b3 fxg5 33. Qxg5 Bxe6 34. Qxe7+ Kg8 35. Qg7# 1-0

[Event "*** Titled Tuesday Blitz"]
[Site "Chess.com"]
[Date "2021.03.30"]
[Round "8"]
[White "eduardoperalta"]
[Black "GMJustin"]
[Result "1-0"]
[WhiteElo "2482"]
[BlackElo "2291"]
[TimeControl "180+1"]
[EndTime "11:28:31 PDT"]
[Termination "eduardoperalta won on time"]

1. d4 Nf6 2. c4 e6 3. Nf3 d5 4. e3 c5 5. Nc3 a6 6. Bd3 dxc4 7.
Bxc4 b5 8. Bd3 Bb7 9. O-O Nbd7 10.
Qe2 Qb8 11. Rd1 Bd6 12. h3 O-O 13. e4 c4 14. Bc2 e5 15. dxe5 Nxe5 16. Nd4 Ng6 17.
Nf5 Bc5 18. Be3 Qe5 19. Bxc5 Qxc5 20. Qe3 Qxe3 21. Nxe3 Rfe8 22. f3 Rad8 23. Kf2 Nf4 24. a3 g6 25. h4 Ne6 26. Ncd5 Nxd5 27. exd5 Nf4 28. d6 Re6 29. Rd4 Nd3+ 30. Bxd3 cxd3 31. Rxd3 Rexd6 32. Rxd6 Rxd6 33. Ke2 f5 34. g3 Kf7 35.
Rc1 Rd7 36. b4 Ke7 37. f4 Kd8 38. Rc5 Rc7 39. Re5 Rc3 40. Re6 Rxa3 41. Rf6 Rb3 42. Rf7 Bc6 43. Rxh7 Rxb4 44. Rg7 Be8 45. h5 gxh5 46.
Nxf5 a5 47. Nd6 Rb2+ 48. Kd3 Bc6 49. Kd4 a4 50. Kc5 Rc2+ 51. Kb6 a3 52. Ra7 a2 53. f5 b4 54. f6 b3 55. f7 Rf2 56.
Kxc6 1-0

[Event "*** Titled Tuesday Blitz"]
[Site "Chess.com"]
[Date "2021.03.30"]
[Round "8"]
[White "Trickov"]
[Black "VladaSviridova"]
[Result "1-0"]
[WhiteElo "2408"]
[BlackElo "2236"]
[TimeControl "180+1"]
[EndTime "11:28:32 PDT"]
[Termination "Trickov won on time"]

1. d4 d5 2. Nf3 Nf6 3. c4 c6 4.
Nc3 dxc4 5. a4 Bf5 6. e3 e6 7. Bxc4 Bb4 8. O-O O-O 9. Qb3 Qb6 10.
Bd2 Nbd7 11. h3 a5 12. Rfd1 h6 13. Ne5 Nxe5 14. dxe5 Nd7 15. e4 Nc5 16. Qc2 Bxc3 17. exf5 Bxe5 18. Be3 Qb4 19. fxe6 Nxe6 20. Rab1 Rad8 21.
b3 Bf6 22. Bxe6 fxe6 23. Bc5 Qf4 24. Bxf8 Rxf8 25. Qc4 Qf5 26. Re1 Kh8 27. Qxe6 Qf4 28. Qe3 Qf5 29. Rbd1 Bg5 30. Qe2 Bh4 31. g3 Bf6 32.
Kg2 h5 33. Qe4 Qg5 34. h4 Qc5 35. Rc1 Qa3 36. Qf3 Qb2 37. Qxh5+ Kg8 38. Qe2 Qxb3 39.
Qc4+ Qxc4 40. Rxc4 Bd8 41. Rb1 1-0

[Event "*** Titled Tuesday Blitz"]
[Site "Chess.com"]
[Date "2021.03.30"]
[Round "8"]
[White "Grineva_Marianna"]
[Black "WiktoriaPOL"]
[Result "1-0"]
[WhiteElo "2254"]
[BlackElo "2049"]
[TimeControl "180+1"]
[EndTime "11:28:32 PDT"]
[Termination "Grineva_Marianna won by checkmate"]

1. e4 c5 2. Nf3 d6 3. d4 cxd4 4. Nxd4 Nf6 5. Nc3 a6 6. f3 e5 7. Nb3 Be7 8. Be3 O-O 9. Qd2 b5 10. O-O-O Bb7 11. Nd5 Nxd5 12. exd5 f5 13. Na5 Bc8 14.
h4 Bxh4 15. Rxh4 Qxh4 16. Bg5 Qh5 17. Be7 Rf7 18. Bxd6 Nd7 19. Nc6 e4 20. fxe4 fxe4 21. Be2 Qg6 22. Bb4 Qf5 23. Kb1 Qf4 24. Qd4 Bb7 25. a3 Qf6 26. Qxe4 Qf4 27. Qe6 Qf6 28.
Qh3 Nb8 29. Rh1 h6 30. Rf1 Qg6 31. Rxf7 Qxf7 32. Bg4 Bxc6 33. Be6 Bd7 34. Bxf7+ Kxf7 35. Qh5+ Kg8 36. Qe5 a5 37. Bc3 g6 38. Qg7# 1-0

[Event "*** Titled Tuesday Blitz"]
[Site "Chess.com"]
[Date "2021.03.30"]
[Round "8"]
[White "GigaQuparadze"]
[Black "DanielNaroditsky"]
[Result "0-1"]
[WhiteElo "2890"]
[BlackElo "3056"]
[TimeControl "180+1"]
[EndTime "11:28:33 PDT"]
[Termination "DanielNaroditsky won by resignation"]

1. e4 c6 2. d4 d5 3. Nc3 dxe4 4. Nxe4 Nf6 5. Nxf6+ exf6 6. c3 Bd6 7. Bd3 O-O 8. Qc2 Re8+ 9. Ne2 h5 10. O-O h4 11. h3 Nd7 12. c4 Nf8 13. Be3 g6 14.
Rad1 Ne6 15. d5 cxd5 16. cxd5 Ng7 17. Nd4 a6 18. Nf3 Nf5 19. Bd2 Bd7 20. Bc3 Rc8 21.
Qd2 Bb8 22. Bxf5 Bxf5 23. Nxh4 Qd6 24. f4 Be4 25. Qd4 Rcd8 26. Qxf6 Qxf6 27. Bxf6 Rxd5 28. Rde1 Re6 29. Bc3 b5 30. Nf3 b4 31. Bxb4 Bxf4 32.
Bc3 Bg3 33. Rd1 Bd3 34. Ng5 Re2 35. Nxf7 Be4 36. Rfe1 Rxg2+ 37. Kf1 Rf2+ 38. Kg1 Rh2 39. Nh6+ Kh7 40. Rxe4 Rxd1+ 41. Be1 Kxh6 42. Re3 Rxb2 0-1

[Event "*** Titled Tuesday Blitz"]
[Site "Chess.com"]
[Date "2021.03.30"]
[Round "8"]
[White "Srinavasan"]
[Black "Sam_ChessMood"]
[Result "1-0"]
[WhiteElo "2986"]
[BlackElo "2868"]
[TimeControl "180+1"]
[EndTime "11:28:33 PDT"]
[Termination "Srinavasan won by resignation"]

1. c4 c6 2. Nf3 d5 3. e3 Nf6 4.
Nc3 g6 5. d4 Bg7 6. Be2 O-O 7.
O-O b6 8. b3 Bb7 9. Bb2 e6 10.
Ne5 Nbd7 11. f4 c5 12. Bf3 cxd4 13. exd4 Rc8 14. Nb5 a6 15. Nd6 Rc7 16. Nxb7 Rxb7 17. Qd3 Nb8 18. Rac1 Rc7 19. Rfd1 Re8 20. g4 Nc6 21. g5 Nxe5 22. dxe5 Nh5 23. Bxh5 gxh5 24. cxd5 Rxc1 25. Bxc1 exd5 26. Qxd5 Qc8 27. Qd7 Qa8 28.
Be3 Bf8 29. Qd5 Qc8 30. Qf3 Qc2 31. Rd2 Qc1+ 32. Kg2 Rc8 33. Qe4 Qe1 34. e6 Re8 35. exf7+ Kxf7 36. Qxh7+ 1-0

[Event "*** Titled Tuesday Blitz"]
[Site "Chess.com"]
[Date "2021.03.30"]
[Round "8"]
[White "swisspower96"]
[Black "ErikRonka"]
[Result "1-0"]
[WhiteElo "2603"]
[BlackElo "2417"]
[TimeControl "180+1"]
[EndTime "11:28:34 PDT"]
[Termination "swisspower96 won by checkmate"]

1. d4 d5 2. c4 e6 3. Nf3 a6 4.
cxd5 exd5 5. Nc3 Nf6 6. Bg5 Be6 7. e3 Nbd7 8. Bd3 h6 9. Bh4 g5 10. Bg3 Nh5 11. O-O Nxg3 12. hxg3 c6 13. e4 Be7 14. Re1 Nf6 15. e5 Ng4 16. Nd2 h5 17. f3 Nh6 18.
Nb3 Qd7 19. Na4 Qc7 20. Nac5 b6 21. Nxe6 fxe6 22. Rc1 Kd7 23. Re2 c5 24. dxc5 bxc5 25. Rec2 c4 26. Bxc4 Qa7+ 27. Kh2 Ng4+ 28. Kh3 Nf2+ 29.
Rxf2 g4+ 30. Kh2 Qxf2 31. Bxd5 Ke8 32. Rc2 Qa7 33. Bxa8 h4 34. Rc8+ Kf7 35. Rxh8 hxg3+ 36. Kxg3 Kg7 37. Qh1 Qe3 38. Qh7# 1-0

[Event "*** Titled Tuesday Blitz"]
[Site "Chess.com"]
[Date "2021.03.30"]
[Round "8"]
[White "DonBroca"]
[Black "MIJuanReyesRosa"]
[Result "1-0"]
[WhiteElo "2232"]
[BlackElo "2095"]
[TimeControl "180+1"]
[EndTime "11:28:35 PDT"]
[Termination "DonBroca won on time"]

1. e4 c5 2. Nf3 e6 3. d4 cxd4 4. Nxd4 a6 5. c4 Qc7 6. Nc3 Nf6 7. Be3 b6 8. g3 Bb7 9. f3 Be7 10. Rc1 d6 11. b3 O-O 12. Bg2 Nbd7 13. O-O Rac8 14.
Qd2 Qb8 15. Bf4 Ne5 16. Rfd1 Rfd8 17. Nc2 Ng6 18. Be3 Bc6 19. Qf2 b5 20. cxb5 axb5 21. Nb4 Ba8 22. Bb6 Re8 23. Nxb5 d5 24. Nc7 Rxc7 25.
Rxc7 Bxb4 26. Rdc1 dxe4 27. fxe4 Bxe4 28. Bxe4 Nxe4 29.
Qxf7+ 1-0

[Event "*** Titled Tuesday Blitz"]
[Site "Chess.com"]
[Date "2021.03.30"]
[Round "8"]
[White "IljaJoke"]
[Black "losersgame"]
[Result "1-0"]
[WhiteElo "2503"]
[BlackElo "2331"]
[TimeControl "180+1"]
[EndTime "11:28:36 PDT"]
[Termination "IljaJoke won by checkmate"]

1. e4 e5 2. Nf3 Nc6 3. Bc4 g6 4.
Nc3 Bg7 5. h4 h6 6. d4 Nxd4 7. Be3 Ne6 8. Qd2 Ne7 9. O-O-O d6 10. Kb1 a6 11. Bb3 b5 12. a4 b4 13. Nd5 a5 14. c3 bxc3 15. Qxc3 Nxd5 16. exd5 Nf8 17. Bc4 Nd7 18. Bb5 O-O 19. h5 g5 20. g4 f5 21.
gxf5 Nb6 22. Rhg1 Bxf5+ 23. Ka1 e4 24. Nd4 Nxd5 25. Bc4 Kh8 26. Bxd5 c5 27. Nxf5 Bxc3 28. bxc3 Rxf5 29. Bxe4 Re5 30. Bxa8 Qxa8 31. Rxd6 Qe8 32. Rxh6+ Kg7 33. Rg6+ Kh7 34. R6xg5 Qxa4+ 35. Kb2 c4 36. Rg7+ Kh8 37. Rg8+ Kh7 38. R1g7# 1-0

[Event "*** Titled Tuesday Blitz"]
[Site "Chess.com"]
[Date "2021.03.30"]
[Round "8"]
[White "Nikolaj_6"]
[Black "SaraciNderim"]
[Result "0-1"]
[WhiteElo "2654"]
[BlackElo "2817"]
[TimeControl "180+1"]
[EndTime "11:28:37 PDT"]
[Termination "SaraciNderim won by resignation"]

1. e4 c5 2. Nf3 Nc6 3. Bb5 g6 4. Bxc6 dxc6 5. d3 Bg7 6. h3 e5 7. Nbd2 Qc7 8. O-O Nf6 9. a3 O-O 10. b4 Nd7 11. Rb1 b6 12. Nc4 Ba6 13. Nfd2 Rad8 14. Qe1 Rfe8 15. Bb2 cxb4 16. axb4 Nf8 17. Ra1 Bxc4 18. Nxc4 Ne6 19. Ra6 Nd4 20. Bxd4 Rxd4 21.
Qa1 Re7 22. Qb2 h6 23. Rfa1 Qb8 24. Nxb6 Rb7 25. Nc4 Rxb4 26. Qc1 Rd7 27. Rxc6 Kh7 28. Ne3 Rdb7 29. Qa3 h5 30. Nd5 Rb1+ 31. Rxb1 Rxb1+ 32. Kh2 Rf1 33. Qb4 Qxb4 34. Nxb4 Rxf2 35. c4 Bh6 36.
Nd5 Rd2 37. Rc7 Kg7 38. Rxa7 Bf4+ 39. Kg1 Rxd3 40. c5 Be3+ 41. Kf1 Bxc5 42. Rc7 Bd4 43. Ke2 Ra3 44. Rc8 Ra2+ 45. Kf3 h4 46. Kg4 Rxg2+ 0-1

[Event "*** Titled Tuesday Blitz"]
[Site "Chess.com"]
[Date "2021.03.30"]
[Round "8"]
[White "Cryptochess"]
[Black "Julianos82"]
[Result "1-0"]
[WhiteElo "2567"]
[BlackElo "2370"]
[TimeControl "180+1"]
[EndTime "11:28:37 PDT"]
[Termination "Cryptochess won by resignation"]

1. e4 c5 2. Nf3 b6 3. d4 cxd4 4. Nxd4 Bb7 5. Nc3 a6 6. Bc4 e6 7.
O-O Qc7 8. Bb3 Nf6 9. Qe2 Bc5 10. Nf3 d6 11. Bg5 Nbd7 12. Rad1 Ne5 13. Kh1 h6 14. Bh4 g5 15. Bg3 O-O-O 16. Na4 b5 17. Nxc5 Qxc5 18. Nxe5 dxe5 19. f3 g4 20. Bf2 Qc6 21. Bh4 Rxd1 22. Rxd1 Nh5 23. c4 Nf4 24. Qe3 gxf3 25. gxf3 Rg8 26. Bf6 bxc4 27. Bxc4 Nh3 28. Be2 Kb8 29. Bxe5+ Ka8 30. Bg3 h5 31. Rc1 Qd7 32.
Rc7 Qd8 33. Qb6 Qb8 34. Bxa6 Nf2+ 35. Bxf2 1-0

[Event "*** Titled Tuesday Blitz"]
[Site "Chess.com"]
[Date "2021.03.30"]
[Round "8"]
[White "Chessbard1972"]
[Black "Redzishchess"]
[Result "1-0"]
[WhiteElo "2242"]
[BlackElo "2343"]
[TimeControl "180+1"]
[EndTime "11:28:38 PDT"]
[Termination "Chessbard1972 won on time"]

1. e4 c5 2. Nf3 e6 3. d4 cxd4 4. Nxd4 Nc6 5. Nc3 Qc7 6. Be3 Nf6 7. f3 a6 8. Qd2 Bb4 9. a3 Bxc3 10. Qxc3 d5 11.
Bd3 O-O 12. Nxc6 Qxc6 13. Bd4 Qxc3+ 14. Bxc3 dxe4 15. fxe4 Nd7 16. O-O-O b5 17. e5 Nb6 18.
Be4 Nd5 19. Bxd5 exd5 20. Rxd5 Bb7 21. Rd2 a5 22. b3 b4 23. Bb2 Rfe8 24. a4 Rac8 25.
Rg1 Re6 26. Rgd1 Kf8 27. Rd8+ Rxd8 28. Rxd8+ Ke7 29. Rd2 Rc6 30. g3 Ke6 31. Rd8 Rc5 32. Bd4 Rc7 33. Bb6 Rc6 34. Bxa5 Kxe5 35. Bxb4 Ba6 36. Kd2 h5 37. Bc3+ Ke4 38. Bxg7 Kf3 39. Be5 Kg2 40. h4 Re6 41. Rd5 1-0

[Event "*** Titled Tuesday Blitz"]
[Site "Chess.com"]
[Date "2021.03.30"]
[Round "8"]
[White "Ze-Pequeno"]
[Black "katchesskat"]
[Result "1-0"]
[WhiteElo "2221"]
[BlackElo "2291"]
[TimeControl "180+1"]
[EndTime "11:28:38 PDT"]
[Termination "Ze-Pequeno won by resignation"]

1. e4 c5 2. Nf3 e6 3. d4 cxd4 4. Nxd4 a6 5. Bd3 Qc7 6. O-O Nf6 7. Qe2 h5 8. h3 Bc5 9. Nb3 Be7 10. e5 Nd5 11. a3 b5 12. Bd2 Bb7 13. Na5 Nf4 14. Bxf4 Qxa5 15. Nc3 g5 16. Bd2 Qc7 17. Be4 Nc6 18.
f4 gxf4 19. Bxf4 Rg8 20. Kh1 Nd4 21. Qxh5 Bxe4 22. Nxe4 Qxc2 23. Bg3 Nf5 24. Rxf5 exf5 25. Qxf5 Qxb2 26. Rf1 O-O-O 27. Rf2 Qxa3 28. Kh2 Kb7 29. Qxf7 Rgf8 30. Qd5+ Ka7 31. Rc2 Kb8 32. e6+ d6 33.
Qc6 Qa5 34. Nc5 Qc7 35. Nxa6+ 1-0

[Event "*** Titled Tuesday Blitz"]
[Site "Chess.com"]
[Date "2021.03.30"]
[Round "8"]
[White "tsaruk_maks"]
[Black "DanilovVladimir"]
[Result "1-0"]
[WhiteElo "2622"]
[BlackElo "2486"]
[TimeControl "180+1"]
[EndTime "11:28:39 PDT"]
[Termination "tsaruk_maks won by resignation"]

1. e4 e5 2. Nf3 Nc6 3. Bb5 a6 4. Bxc6 dxc6 5. O-O Bg4 6. h3 Bh5 7. d3 f6 8. Nc3 c5 9. Be3 Bd6 10. Ne2 Ne7 11. Ng3 Bf7 12. c3 O-O 13. Qd2 Qd7 14.
Rfd1 Rad8 15. d4 exd4 16. cxd4 Bxg3 17. fxg3 cxd4 18. Nxd4 c5 19. Nf5 Qe6 20. Qxd8 Nxf5 21. Bxc5 Rxd8 22. Rxd8+ Be8 23. exf5 Qe5 24. Bb4 h5 25.
Re1 Qxf5 26. Rdxe8+ Kh7 27. Bc3 Qd5 28. R8e7 Kg6 29.
Rc7 b5 30. Ree7 Qxa2 31. Rxg7+ Kf5 32. Rgf7 Ke4 33. Rxf6 a5 34. Re7+ Kd3 35. Rf3+ Kc4 36. Re4+ Kd5 37. Rd4+ Kc5 38. Rf5+ Kc6 39. Rf6+ Kc5 40.
Kh2 b4 41. Rf5+ Kc6 42. Bxb4 axb4 43. Rxb4 h4 44. Rxh4 Qxb2 45. Rh6+ Kd7 46. Rf7+ Ke8 47. Ra7 Qd4 48. Rh8+ Qxh8 49. Ra8+ Kf7 50. Rxh8 1-0

[Event "*** Titled Tuesday Blitz"]
[Site "Chess.com"]
[Date "2021.03.30"]
[Round "8"]
[White "LenkaPtacnikova"]
[Black "Zipa5"]
[Result "0-1"]
[WhiteElo "2146"]
[BlackElo "1928"]
[TimeControl "180+1"]
[EndTime "11:28:39 PDT"]
[Termination "Zipa5 won by resignation"]

1. Nf3 g6 2. g3 Bg7 3. Bg2 Nf6 4. O-O O-O 5. c4 d6 6. Nc3 Nbd7 7. e4 e5 8. d3 c6 9. Be3 Ng4 10. Bg5 f6 11.
Bd2 Nh6 12. d4 Nf7 13. Be3 Qe7 14. Re1 a5 15. Rc1 Bh6 16. dxe5 dxe5 17. Rc2 Bxe3 18. Rxe3 Nc5 19. Rd2 Be6 20. b3 Rfd8 21.
Ree2 Rxd2 22. Rxd2 Rd8 23. Rxd8+ Qxd8 24. Qxd8+ Nxd8 25. Kf1 Kf7 26. Ke2 Ke7 27. Ke3 Nf7 28. h4 Nd6 29.
Ng1 b5 30. cxb5 Nxb5 31. Nge2 Kd6 32. f4 Nd7 33. Bf3 Nxc3 34. Nxc3 Kc5 35. Kd3 Kb4 36. Nb1 a4 37. bxa4 Kxa4 38. Bd1+ Kb4 39. a3+ Kb5 40.
Nc3+ Ka5 41. Ba4 Nc5+ 42. Ke3 Nxa4 0-1

[Event "*** Titled Tuesday Blitz"]
[Site "Chess.com"]
[Date "2021.03.30"]
[Round "8"]
[White "chessdiamant"]
[Black "Gudmundur_Kjartansson"]
[Result "1-0"]
[WhiteElo "2408"]
[BlackElo "2514"]
[TimeControl "180+1"]
[EndTime "11:28:42 PDT"]
[Termination "chessdiamant won by checkmate"]

1. d4 d6 2. e4 Nf6 3. Nc3 e5 4.
Nge2 Nbd7 5. Be3 c6 6. Qd2 Qc7 7. a4 Be7 8. f3 O-O 9. h4 Re8 10. h5 d5 11. exd5 Nxd5 12. Nxd5 cxd5 13. O-O-O Nb6 14. b3 Bf5 15. Ng3 Be6 16. f4 e4 17.
h6 g6 18. f5 Bd7 19. fxg6 Qxg3 20. gxf7+ Kxf7 21. Be2 Bb4 22. Rdf1+ Kg8 23. Qxb4 Qxe3+ 24. Kd1 Re6 25. Rh3 Qg5 26. Rh5 Qxg2 27. Rhf5 Ree8 28. R5f2 Qg6 29. Rf6 Qg5 30. Qd6 Bg4 31. a5 Bxe2+ 32.
Kxe2 Rac8 33. Kd1 Qe3 34. Rg6+ hxg6 35. Qxg6+ Kh8 36. Qg7# 1-0

[Event "*** Titled Tuesday Blitz"]
[Site "Chess.com"]
[Date "2021.03.30"]
[Round "8"]
[White "onetowin"]
[Black "TeukkaSalama"]
[Result "0-1"]
[WhiteElo "2022"]
[BlackElo "2324"]
[TimeControl "180+1"]
[EndTime "11:28:43 PDT"]
[Termination "TeukkaSalama won by resignation"]

1. d4 d5 2. Nf3 Nf6 3. g3 e6 4. Bg2 Be7 5. O-O O-O 6. c4 dxc4 7. Qc2 a6 8. a4 Nc6 9. Rd1 Bd7 10. Nc3 Rc8 11.
e4 Na5 12. d5 exd5 13. e5 Ne8 14. Nxd5 c6 15. Nxe7+ Qxe7 16. Bd2 Nb3 17. Ra3 Nxd2 18.
Qxd2 Be6 19. Bf1 Nc7 20. Qc2 b5 21. axb5 axb5 22. h4 Nd5 23. Ng5 g6 24. Ne4 Bf5 25. Qe2 Bxe4 26. Qxe4 Rfe8 27. f4 Qc5+ 28. Kg2 Ra8 29.
Rxa8 Rxa8 30. Kh3 Qe3 31. Qxe3 Nxe3 32. Re1 Nxf1 33. Rxf1 Ra2 34. Rb1 b4 35. Kg2 c3 36.
Kf3 Rxb2 37. Rc1 c2 38. Ke3 b3 39. Kd2 Rb1 0-1

[Event "*** Titled Tuesday Blitz"]
[Site "Chess.com"]
[Date "2021.03.30"]
[Round "8"]
[White "oogee"]
[Black "XDPS"]
[Result "0-1"]
[WhiteElo "2377"]
[BlackElo "2752"]
[TimeControl "180+1"]
[EndTime "11:28:44 PDT"]
[Termination "XDPS won on time"]

1. d4 g6 2. c4 Bg7 3. Nc3 d6 4. e4 a6 5. Be2 Nc6 6. Be3 e5 7. d5 Nce7 8. g4 f5 9. exf5 gxf5 10. gxf5 Bxf5 11. Bh5+ Ng6 12. Nf3 Nf6 13. Bg5 Qd7 14. Nh4 Nxh5 15. Qxh5 Bg4 16. Nxg6 Bxh5 17. Nxh8 Qg4 18.
h4 e4 19. Kd2 Bxh8 20. Rae1 Bxc3+ 21. Kxc3 Bg6 22. Re3 b5 23. f3 Qg2 24. Rhe1 Kd7 25.
fxe4 Rb8 26. c5 dxc5 27. R1e2 Qf1 28. Kd2 Qb1 29. Bf6 Rf8 30. e5 Rxf6 31. exf6 Qxb2+ 32. Ke1 Qxf6 33. Re6 Qxh4+ 34. Kd2 Qb4+ 35. Kc1 Qb1+ 36. Kd2 Qxa2+ 37. Ke1 Qb1+ 38. Kd2 Qd3+ 39. Ke1 Qg3+ 40.
Kd2 Qg5+ 41. Ke1 Bd3 42. R2e5 Qc1+ 43. Kf2 Qf1+ 44. Kg3 Qf7 45. Re3 c4 46. Rxa6 Qxd5 47. Rf6 Qg5+ 48. Kh3 Qxe3+ 49. Kh4 Qd4+ 50. Kh5 Qxf6 51.
Kg4 h5+ 0-1

[Event "*** Titled Tuesday Blitz"]
[Site "Chess.com"]
[Date "2021.03.30"]
[Round "8"]
[White "tptagain"]
[Black "vinniethepooh"]
[Result "1-0"]
[WhiteElo "2827"]
[BlackElo "2670"]
[TimeControl "180+1"]
[EndTime "11:28:45 PDT"]
[Termination "tptagain won by resignation"]

1. Nf3 d5 2. b3 Nf6 3. Bb2 Bf5 4.
g3 e6 5. Bg2 Be7 6. d3 h6 7.
O-O O-O 8. Nbd2 c6 9. Re1 Nbd7 10.
e4 Bh7 11. Qe2 a5 12. a3 Qb6 13. Ne5 Nxe5 14. Bxe5 Nd7 15. Bb2 Bf6 16. Bxf6 Nxf6 17. e5 Nd7 18. Nf3 c5 19. Qd2 Rfc8 20. Rab1 Qc7 21.
h4 b5 22. c4 bxc4 23. bxc4 d4 24. a4 Rab8 25. Rb5 Rxb5 26. axb5 Ra8 27. Nxd4 cxd4 28.
Bxa8 Nxe5 29. Qf4 f6 30. Be4 Bxe4 31. Qxe4 a4 32. f4 Nf7 33. Qa8+ Kh7 34. Qxa4 e5 35.
Rf1 exf4 36. Rxf4 Qe5 37. Qd1 Qe3+ 38. Kg2 Ne5 39. Re4 Nxc4 40. b6 Nxb6 41. Rxe3 Nd5 42.
Re4 1-0

[Event "*** Titled Tuesday Blitz"]
[Site "Chess.com"]
[Date "2021.03.30"]
[Round "8"]
[White "BeyondMadness"]
[Black "RamyresCoelho"]
[Result "0-1"]
[WhiteElo "2259"]
[BlackElo "2159"]
[TimeControl "180+1"]
[EndTime "11:28:46 PDT"]
[Termination "RamyresCoelho won by resignation"]

1. d4 Nf6 2. c4 g6 3. Nc3 d5 4. Nf3 Bg7 5. Qb3 dxc4 6. Qxc4 O-O 7. e4 a6 8. Be2 b5 9. Qb3 Bb7 10. e5 Ne4 11. O-O Nxc3 12. Qxc3 Nd7 13. Bg5 h6 14. Be3 e6 15. Rac1 Rc8 16. Qd2 Kh7 17. Rfd1 Nb6 18. b3 Nd5 19. h4 Qe7 20. h5 Nxe3 21. hxg6+ fxg6 22. Qxe3 Bd5 23. Rc5 c6 24. a4 Rf5 25.
axb5 axb5 26. Ra1 Rcf8 27. Rc3 g5 28. Bd3 g4 29. Nd2 Qh4 30. Nf1 Kh8 31. Bxf5 exf5 32. Qg3 Qg5 33. Ra7 f4 34. Qd3 f3 35. Ng3 fxg2 36.
Qe3 Qh4 37. f4 Qh1+ 0-1

[Event "*** Titled Tuesday Blitz"]
[Site "Chess.com"]
[Date "2021.03.30"]
[Round "8"]
[White "Keranke"]
[Black "FairChess_on_YouTube"]
[Result "0-1"]
[WhiteElo "2798"]
[BlackElo "3005"]
[TimeControl "180+1"]
[EndTime "11:28:48 PDT"]
[Termination "FairChess_on_YouTube won by resignation"]

1. d4 Nf6 2. Nf3 e6 3. g3 b5 4. Bg2 Bb7 5. O-O c5 6. a4 b4 7. a5 Na6 8. c4 bxc3 9. Nxc3 Be7 10. Qb3 Rb8 11. Qc4 O-O 12. Bf4 d5 13. Qa4 Bd6 14.
Bxd6 Qxd6 15. Nb5 Qe7 16. Nxa7 Ra8 17. Nb5 Bc6 18. Ne5 Be8 19. dxc5 Qxc5 20. Qa3 Qxb5 21.
Qe7 Qb4 22. Qxb4 Nxb4 23. Rfc1 Bb5 24. Bf1 Ra7 25. Rc5 Rb8 26. Rac1 g5 27. Rc7 Rbb7 28. Rxb7 Rxb7 29. Rc8+ Kg7 30. Ra8 Nc6 31. a6 Rc7 32. Nxc6 Bxc6 33. Rb8 Nd7 34. Rb3 Kf6 35. e3 Ke7 36. f4 gxf4 37. gxf4 Kd6 38. Bd3 Nc5 39. Ra3 Nxd3 40. Rxd3 Ra7 0-1

[Event "*** Titled Tuesday Blitz"]
[Site "Chess.com"]
[Date "2021.03.30"]
[Round "8"]
[White "Escanor89"]
[Black "eljanov"]
[Result "0-1"]
[WhiteElo "2579"]
[BlackElo "2849"]
[TimeControl "180+1"]
[EndTime "11:28:49 PDT"]
[Termination "eljanov won by checkmate"]

1. Nf3 b5 2. e4 Bb7 3. Bxb5 Bxe4 4.
d4 Nf6 5. Nc3 Bb7 6. O-O e6 7.
Bg5 Be7 8. Bd3 O-O 9. Re1 d6 10.
h3 Nbd7 11. Qe2 Rb8 12. b3 h6 13. Bh4 c5 14. dxc5 Nxc5 15. b4 Nxd3 16. Qxd3 Bxf3 17.
Qxf3 Rxb4 18. Bg3 d5 19. Be5 Nd7 20. Bg3 Nb6 21. Rad1 Bf6 22. Ne2 Rc4 23. Nf4 Rxc2 24. Nh5 Rc3 25. Qg4 Rc4 26. Qf3 Nd7 27. Bd6 Re8 28. Qg3 g6 29. Rd3 Bh4 30. Qf3 gxh5 31. Qxh5 Qg5 32. Qe2 Re4 33. Qf1 Rxe1 34. Qxe1 Qg6 35.
Rxd5 Nf6 36. Rd4 Rd8 37. Qa5 Rxd6 38. Rxd6 Qb1+ 39. Kh2 Bxf2 40. Qe5 Qg1# 0-1